[Event "WYCC 2018 O16"]
[Site "Halkidiki"]
[Date "2018.10.23"]
[Round "5"]
[White "Vlachos, Anatole"]
[Black "Nielsen, Andre"]
[Result "1-0"]
[ECO "A45"]
[WhiteElo "2435"]
[BlackElo "2260"]
[Annotator "RC"]
[PlyCount "57"]
[EventDate "2018.10.20"]
[EventType "swiss"]
[EventCountry "GRE"]
[SourceTitle "playchess.com"]
[Source "ChessBase"]
[SourceQuality "1"]
[TimeControl "40/5400+30:1800+30"]

1. d4 Nf6 2. Bg5 Ne4 3. Bf4 d5 4. f3 Nd6 5. Nc3 e6 6. e4 c6 7. Bd3 Be7 8. Nge2 b5 9. a3 O-O 10. O-O Nd7 11. Kh1 Nb6 12. Ng3 Ndc4 13. Ra2 a5 14. Nh5 Bd7 15. Qe1 g6 16. Bh6 Re8 17. e5 b4 18. axb4 axb4 19. Rxa8 Nxa8 20. Na4 c5 21. Nxc5 Nxb2 22. Nf6+ Bxf6 23. exf6 Nxd3 24. cxd3 Bc6 25. Bg5 h6 26. Bh4 g5 27. Bxg5 e5 28. Qg3 Kh7 29. Qh4 1-0

[Event "WYCC 2018 O16"]
[Site "Halkidiki"]
[Date "2018.10.23"]
[Round "5"]
[White "Vestby-Ellingsen, Mads"]
[Black "Filgueiras, Nathan Felipe"]
[Result "1-0"]
[ECO "C47"]
[WhiteElo "2410"]
[BlackElo "2188"]
[Annotator "ChessBase"]
[PlyCount "45"]
[EventDate "2018.10.20"]
[EventType "swiss"]
[EventCountry "GRE"]
[SourceTitle "playchess.com"]
[Source "ChessBase"]
[SourceQuality "1"]
[TimeControl "40/5400+30:1800+30"]

1. e4 e5 2. Nf3 Nc6 3. Nc3 Nf6 4. d4 exd4 5. Nxd4 Nxe4 6. Nxe4 Qe7 7. Nb5 Qxe4+ 8. Be2 Kd8 9. O-O d6 10. Re1 Be6 11. f4 Qd5 12. Bd3 Nb4 13. Nc3 Qa5 14. Be4 c6 15. a3 Nd5 16. Bxd5 Bxd5 17. b4 Qc7 18. Nxd5 cxd5 19. Qxd5 Be7 20. Bb2 Re8 21. Qxf7 Qd7 22. Rad1 Kc7 23. Bxg7 1-0

[Event "WYCC 2018 O16"]
[Site "Halkidiki"]
[Date "2018.10.23"]
[Round "5"]
[White "Teclaf, Pawel"]
[Black "Mukhutdinov, Tigran"]
[Result "1-0"]
[ECO "B32"]
[WhiteElo "2384"]
[BlackElo "2256"]
[Annotator "NA"]
[PlyCount "105"]
[EventDate "2018.10.20"]
[EventType "swiss"]
[EventCountry "GRE"]
[SourceTitle "playchess.com"]
[Source "ChessBase"]
[SourceQuality "1"]
[TimeControl "40/5400+30:1800+30"]

1. e4 c5 2. Nf3 Nc6 3. d4 cxd4 4. Nxd4 e5 5. Nb5 a6 6. Nd6+ Bxd6 7. Qxd6 Qe7 8. Qd1 Nf6 9. Nc3 d6 10. Bg5 {[%emt 0:04:27] B32: Sicilian: Löwenthal and Kalashnikov Variations} Be6 11. Nd5 Bxd5 12. exd5 Nb8 13. a4 {[%emt 0:09:11] LiveBook: 7 Games} (13. Qf3 Nbd7 14. O-O-O h6 15. Be3 h5 16. h3 O-O-O 17. Ba7 Nc5 {1-0 (80) Yu,Y (2759)-Li,C (2725) Ningbo 2018}) 13... Nbd7 14. a5 {[%emt 0:11:38] [#]} e4 $146 ({Predecessor:} 14... h6 15. Be3 O-O 16. Be2 Nh7 17. O-O f5 18. f3 Ng5 19. Bf2 {½-½ (19) Vasiesiu,D (2376)-Pavlov,S (2502) Corund 2017}) 15. Qd4 Rc8 16. c4 h6 17. Be3 O-O 18. Be2 Nh7 19. O-O f5 20. Bf4 Nhf6 21. b4 g5 22. Bd2 Ne5 23. Rac1 f4 24. f3 e3 25. Bc3 Nfd7 26. Bb2 Rfe8 27. c5 Rc7 28. cxd6 Qxd6 29. Rxc7 Qxc7 30. d6 Qc2 31. Re1 Qd2 32. Qxd2 exd2 33. Rd1 Nd3 34. Rxd2 Nxb4 35. Bc3 Nc6 36. Bc4+ Kf8 37. Rd5 Nce5 38. Bb3 Re6 39. Kf1 h5 40. h4 g4 41. Rd4 Rf6 42. Re4 gxf3 43. Bxe5 fxg2+ 44. Kxg2 Nxe5 $18 45. Rxe5 Rxd6 46. Rf5+ Ke8 47. Rxh5 b6 48. Rh8+ Ke7 49. Rh7+ Ke8 50. h5 bxa5 51. h6 a4 52. Bxa4+ Kf8 53. Bb3 1-0

[Event "WYCC 2018 O16"]
[Site "Halkidiki"]
[Date "2018.10.23"]
[Round "5"]
[White "Lianes Garcia, Marcos"]
[Black "Kamer, Kayra"]
[Result "1/2-1/2"]
[ECO "E73"]
[WhiteElo "2376"]
[BlackElo "2290"]
[Annotator "NA"]
[PlyCount "98"]
[EventDate "2018.10.20"]
[EventType "swiss"]
[EventCountry "GRE"]
[SourceTitle "playchess.com"]
[Source "ChessBase"]
[SourceQuality "1"]
[TimeControl "40/5400+30:1800+30"]

1. d4 Nf6 2. c4 g6 3. Nc3 Bg7 4. e4 d6 5. Be2 O-O 6. Be3 e5 7. d5 a5 8. g4 Na6 {[%emt 0:00:44] E73: King's Indian: Averbakh Variation without 6...c5} 9. h4 Nd7 {[%emt 0:01:08] LiveBook: 3 Games} (9... Nc5 10. f3 h5 11. g5 Nh7 12. Kd2 Bd7 13. Nh3 c6 14. Nf2 cxd5 15. exd5 f5 16. gxf6 Nxf6 17. Bxc5 dxc5 {0-1 (37) Vallejo Pons,F (2705)-Radjabov,T (2741) Palma de Mallorca 2017}) 10. Qd2 Ndc5 11. h5 Qe7 12. f3 $146 ({Predecessor:} 12. Nh3 f6 {1-0 (30) Andonov,B (2326)-Piscitelli,V (2003) Porto San Giorgio 2008}) 12... Bd7 13. Nh3 Nb4 14. Nf2 b6 15. Kf1 f5 16. h6 Bf6 17. g5 Bh8 18. Rg1 Nb7 19. exf5 gxf5 20. f4 Be8 21. a3 Na6 22. b4 Bg6 23. Rb1 Nb8 24. c5 axb4 25. cxd6 Nxd6 26. axb4 Nd7 27. Nb5 exf4 28. Bxf4 Ne4 29. Qe3 Be5 30. Nd3 Rfe8 31. Nxe5 Nxe5 32. Qd4 Ra2 33. Rb2 Ra1+ 34. Kg2 Rxg1+ 35. Kxg1 Nxg5 36. Bxe5 Qxe5 37. Qxe5 Rxe5 38. Nxc7 Nf7 39. Rd2 Nd6 40. Nb5 Nxb5 41. Bxb5 Be8 42. Bc6 $18 b5 43. Bxe8 Rxe8 44. d6 Kf7 45. Kf2 Ke6 46. Kf3 Rd8 47. Re2+ Kf6 48. Rd2 Ke6 49. Re2+ Kf6 {[%emt 0:00:06] Ke4 Ke5+} 1/2-1/2

[Event "WYCC 2018 O16"]
[Site "Halkidiki"]
[Date "2018.10.23"]
[Round "5"]
[White "Schitco, Ivan"]
[Black "Petriashvili, Nikoloz"]
[Result "1/2-1/2"]
[ECO "D10"]
[WhiteElo "2376"]
[BlackElo "2343"]
[Annotator "NA"]
[PlyCount "92"]
[EventDate "2018.10.20"]
[EventType "swiss"]
[EventCountry "GRE"]
[SourceTitle "playchess.com"]
[Source "ChessBase"]
[SourceQuality "1"]
[TimeControl "40/5400+30:1800+30"]

1. d4 d5 2. c4 c6 3. cxd5 cxd5 4. Bf4 Nc6 5. e3 Nf6 6. Nc3 a6 7. Bd3 Bg4 8. Nge2 e6 9. Rc1 Bd6 10. f3 {LiveBook: 48 Games} Bh5 11. Na4 Bg6 12. Bxd6 Qxd6 13. O-O Nd7 14. Nc5 Nxc5 $11 15. Rxc5 Ne5 16. Qa4+ Ke7 17. Bxg6 hxg6 18. Qa3 Nd7 19. Rc7 Qxa3 20. bxa3 Rhb8 21. Rfc1 Kd8 22. e4 Rc8 23. Rxb7 Rxc1+ 24. Nxc1 Rc8 25. Nd3 Rc3 26. Rb3 Rc4 27. exd5 exd5 28. Nb4 a5 29. Nxd5 Rxd4 30. Ne3 Kc7 31. Kf1 Ne5 32. Ke2 Kd6 33. Nc2 Rh4 34. h3 g5 35. Rb5 Ra4 36. Kd2 f6 37. Rb7 g6 38. Rb6+ Nc6 39. Kc3 Kc5 40. Rb7 Rc4+ 41. Kd2 Ne5 42. Rb8 Ra4 43. Rc8+ Kd5 44. Ra8 f5 45. Kc3 Rc4+ 46. Kd2 Ra4 1/2-1/2

[Event "WYCC 2018 O16"]
[Site "Halkidiki"]
[Date "2018.10.23"]
[Round "5"]
[White "Davtyan, Artur"]
[Black "Quirhuayo Chumbe, German Gonzalo"]
[Result "1-0"]
[ECO "E10"]
[WhiteElo "2374"]
[BlackElo "2220"]
[Annotator "NA"]
[PlyCount "59"]
[EventDate "2018.10.20"]
[EventType "swiss"]
[EventCountry "GRE"]
[SourceTitle "playchess.com"]
[Source "ChessBase"]
[SourceQuality "1"]
[TimeControl "40/5400+30:1800+30"]

1. d4 Nf6 2. c4 e6 3. Nf3 c5 4. d5 b5 5. dxe6 fxe6 6. Nc3 {[%emt 0:00:02] E10: Blumenfeld Gambit} (6. cxb5 a6 7. bxa6 Bxa6 8. g3 Nc6 9. Bg2 Be7 10. O-O O-O 11. Nc3 Qe8 12. Re1 d5 13. Bh3 Bd8 14. Ng5 {0-1 (26) Inarkiev,E (2689)-Tregubov,P (2575) Riadh 2017}) 6... bxc4 7. e4 d5 8. Bg5 Bb7 9. Qe2 d4 10. e5 Nbd7 $146 ({Predecessor:} 10... d3 11. Qd1 h6 12. Bh4 g5 13. exf6 gxh4 14. Ne5 Qxf6 15. Qh5+ Ke7 16. Ng6+ Kd7 17. Ne5+ Ke7 18. Ng6+ Kd7 19. Ne5+ {½-½ (19) Davtyan,A (2351)-Lomasov,S (2551) Batumi 2018}) 11. exf6 gxf6 12. Qxe6+ Qe7 13. Qxe7+ Bxe7 14. Bd2 dxc3 15. Bxc3 Rg8 16. Nd2 Nb6 17. f3 f5 18. Kf2 f4 19. Re1 Kf7 20. g3 Bd5 21. Re5 Bd6 $18 22. Rf5+ Ke7 23. g4 Kd7 24. Be2 Kc6 25. Rd1 Rae8 26. Ne4 Bxe4 27. fxe4 Bb8 28. Rf6+ Kb5 29. b3 Rgf8 30. Bxc4+ 1-0

[Event "WYCC 2018 O16"]
[Site "Halkidiki"]
[Date "2018.10.23"]
[Round "5"]
[White "Shubin, Kirill"]
[Black "Talukdar, Rohan"]
[Result "0-1"]
[ECO "B53"]
[WhiteElo "2369"]
[BlackElo "2279"]
[Annotator "NA"]
[PlyCount "82"]
[EventDate "2018.10.20"]
[EventType "swiss"]
[EventCountry "GRE"]
[SourceTitle "playchess.com"]
[Source "ChessBase"]
[SourceQuality "1"]
[TimeControl "40/5400+30:1800+30"]

1. e4 c5 2. Nf3 d6 3. d4 cxd4 4. Qxd4 Nc6 5. Bb5 Bd7 6. Qd3 g6 7. c4 {[%emt 0:00:06] B53: Sicilian: 2...d6: Lines with Qxd4} Bg7 8. Nc3 Nf6 9. h3 O-O 10. O-O a6 (10... Rc8 11. Be3 Nb4 12. Qe2 a6 13. Bxd7 Nxd7 14. Rac1 Bxc3 15. Rxc3 Nxa2 {½-½ (28) Malakhov,V (2691)-Safarli,E (2657) Brest 2018}) 11. Bxc6 Bxc6 {[%emt 0:00:24] LiveBook: 88 Games} 12. Nd4 Nd7 13. Be3 Rc8 14. Rac1 Qa5 {[%emt 0:04:44] [#]} 15. Qb1 $146 Qh5 16. b4 Nf6 17. Qd3 Bd7 18. Nce2 Bc6 19. Nxc6 Rxc6 20. Nd4 Rc7 21. f4 e5 22. Nb3 Re8 23. Nd2 Rd7 24. Rf3 exf4 25. Bxf4 b5 26. Bxd6 bxc4 27. Rxc4 Qb5 28. Rd4 Red8 29. Nc4 Ne8 30. Rd5 Nxd6 31. Rxb5 Nxb5 32. Qb3 $19 Nd4 33. Qa4 Nxf3+ 34. gxf3 h5 35. Qxa6 Ra7 36. Qc6 Rxa2 37. Nd6 Rd2 38. Nb7 Rd1+ 39. Kf2 R8d2+ 40. Kg3 Be5+ 41. Kh4 Kg7 0-1

[Event "WYCC 2018 O16"]
[Site "Halkidiki"]
[Date "2018.10.23"]
[Round "5"]
[White "Abdisalimov, Abdimalik"]
[Black "Kosakowski, Jakub"]
[Result "1/2-1/2"]
[ECO "A00"]
[WhiteElo "2368"]
[BlackElo "2413"]
[Annotator "NA"]
[PlyCount "120"]
[EventDate "2018.10.20"]
[EventType "swiss"]
[EventCountry "GRE"]
[SourceTitle "playchess.com"]
[Source "ChessBase"]
[SourceQuality "1"]
[TimeControl "40/5400+30:1800+30"]

1. g3 Nf6 2. Bg2 d5 3. c4 g6 4. Qa4+ Bd7 5. Qb3 Bc6 6. Nf3 dxc4 7. Qxc4 Bg7 8. O-O O-O 9. Nc3 a6 10. d3 Nbd7 11. Qh4 Bxf3 12. Bxf3 c6 13. Rd1 Qb6 14. Rb1 Rad8 15. Be3 Qc7 16. Bf4 Ne5 17. Bxc6 $2 ({White should try} 17. Bg2 $16) 17... bxc6 18. d4 Nd5 19. dxe5 Nxc3 20. bxc3 Bxe5 21. Bxe5 Qxe5 22. Qc4 a5 23. Rd4 Rd5 24. Rb6 Rc8 25. Rxc6 Rxc6 26. Qxd5 Qxd5 27. Rxd5 Rxc3 28. Rxa5 Rc2 29. e3 Kg7 30. Kg2 Rb2 31. g4 Rc2 32. h4 h6 33. a4 Rc4 34. Kg3 h5 35. f3 hxg4 36. fxg4 f5 37. gxf5 gxf5 38. Rxf5 Rxa4 39. Rg5+ Kf6 40. Rg4 Ra3 41. Rf4+ Kg6 42. Kf3 Ra1 43. Ke4 Ra5 44. Kd3 Ra3+ 45. Ke2 Rb3 46. Kf3 Ra3 47. Rg4+ Kf6 48. Rg1 Ra4 49. Rg4 Ra3 50. Rb4 Ra1 51. Ke4 Ra5 52. Kf4 $14 Ra1 53. Rb6+ e6 54. Rb4 Rh1 55. Kg3 Re1 56. Rf4+ Kg6 57. Kf3 Ra1 58. Ke4 Ra5 59. Rf3 Ra4+ 60. Ke5 Rxh4 1/2-1/2

[Event "WYCC 2018 O16"]
[Site "Halkidiki"]
[Date "2018.10.23"]
[Round "5"]
[White "Kalavannan, Koby"]
[Black "Petkov, Matey"]
[Result "1-0"]
[ECO "A06"]
[WhiteElo "2365"]
[BlackElo "2164"]
[Annotator "NA"]
[PlyCount "99"]
[EventDate "2018.10.20"]
[EventType "swiss"]
[EventCountry "GRE"]
[SourceTitle "playchess.com"]
[Source "ChessBase"]
[SourceQuality "1"]
[TimeControl "40/5400+30:1800+30"]

1. Nf3 d5 2. e3 Nf6 3. c4 e6 4. Nc3 dxc4 5. Bxc4 a6 6. a4 c5 7. d4 Nc6 8. O-O cxd4 9. exd4 Be7 10. Bf4 O-O 11. Re1 Nb4 12. Qb3 {[%emt 0:02:28] LiveBook: 6 Games D26: Queen's Gambit Accepted: 4 e3 e6 5 Bxc5 c5 sidelines} (12. Rc1 b6 13. Ne5 Bb7 14. Nxf7 Rxf7 15. Bxe6 Kf8 16. Be5 Bd6 17. Bxf7 Kxf7 18. Qb3+ Kf8 19. Bxd6+ Qxd6 {1-0 (44) Bacrot,E (2722)-Tan,J (2466) chess.com INT 2018}) 12... b6 13. Rad1 Nbd5 $146 ({Predecessor:} 13... Bb7 14. Ne5 Nbd5 15. Bg3 Rc8 {½-½ (15) Camp,I (1855)-Modi,K (1772) Coventry 2017}) 14. Nxd5 exd5 15. Bd3 Bg4 16. Bb1 Bxf3 17. Qxf3 Bb4 18. Re5 Qd7 19. Bg5 Ne4 20. Rxd5 Qxd5 21. Bxe4 Qxg5 22. Bxa8 Rd8 23. g3 a5 24. h4 Qf6 25. Qxf6 gxf6 26. Bc6 f5 27. Kg2 f4 28. g4 Be7 29. d5 Rd6 30. Rh1 f3+ 31. Kxf3 Rf6+ 32. Kg3 Bd6+ 33. Kg2 Rf4 34. f3 Rb4 35. Rb1 Rb3 36. Bb5 Be5 37. Bc4 Rxb2+ 38. Rxb2 Bxb2 39. d6 Be5 40. d7 Bc7 41. f4 Kf8 42. Kf3 $18 Ke7 43. Ke4 f6 44. Bb5 Ke6 45. f5+ Ke7 46. Kd5 Bg3 47. g5 Bxh4 48. g6 hxg6 49. fxg6 f5 50. d8=Q+ 1-0

[Event "WYCC 2018 O16"]
[Site "Halkidiki"]
[Date "2018.10.23"]
[Round "5"]
[White "Wachinger, Nikolas"]
[Black "Peng, Hongchi"]
[Result "1-0"]
[ECO "B90"]
[WhiteElo "2360"]
[BlackElo "2273"]
[Annotator "NA"]
[PlyCount "133"]
[EventDate "2018.10.20"]
[EventType "swiss"]
[EventCountry "GRE"]
[SourceTitle "playchess.com"]
[Source "ChessBase"]
[SourceQuality "1"]
[TimeControl "40/5400+30:1800+30"]

1. e4 c5 2. Nf3 d6 3. d4 cxd4 4. Nxd4 Nf6 5. Nc3 a6 6. Be3 Ng4 7. Bc1 Nf6 8. f3 e5 9. Nb3 Be6 10. Be3 Be7 11. Qd2 O-O 12. O-O-O {[%emt 0:00:09] LiveBook: 2950 Games} Nbd7 13. g4 b5 14. g5 b4 15. Ne2 Ne8 16. f4 a5 17. f5 a4 18. Nbd4 exd4 19. Nxd4 b3 20. Kb1 bxc2+ 21. Nxc2 Bb3 22. axb3 axb3 23. Na3 d5 24. Qxd5 Bxa3 25. Qxd7 Qa5 26. Qb5 Qc7 27. Qc4 Qa5 28. Qxb3 Bb4 29. g6 Nd6 30. gxf7+ Kh8 31. f6 gxf6 32. Bd4 Rxf7 33. Rg1 Qa1+ 34. Kc2 Rc8+ 35. Bc3 Qa7 36. Qxb4 Qf2+ 37. Kb1 Nxe4 38. Qxe4 Qxg1 39. Qf3 Qb6 40. Bh3 Rg8 $18 41. Bg4 Qa6 42. Bh5 Rff8 43. Rf1 Rg5 44. Bxf6+ Rxf6 45. Qxf6+ Qxf6 46. Rxf6 Rxh5 47. Rf2 Kg7 48. b4 Rh4 49. Rb2 Kf6 50. b5 Rc4 51. b6 Rc8 52. b7 Rb8 53. Kc2 Ke7 54. Kd3 Kd8 55. Ke4 Kc7 56. Kf5 Rf8+ 57. Kg5 Kb8 58. Kh6 Rf7 59. Rb4 Re7 60. h4 Rc7 61. Rb5 Rd7 62. h5 Rc7 63. Rg5 Rc6+ 64. Kxh7 Kxb7 65. h6 Kc8 66. Kg7 Rc7+ 67. Kg8 1-0

[Event "WYCC 2018 O16"]
[Site "Halkidiki"]
[Date "2018.10.23"]
[Round "5"]
[White "Sankalp Gupta"]
[Black "Vrolijk, Liam"]
[Result "1-0"]
[ECO "C26"]
[WhiteElo "2352"]
[BlackElo "2437"]
[Annotator "NA"]
[PlyCount "63"]
[EventDate "2018.10.20"]
[EventType "swiss"]
[EventCountry "GRE"]
[SourceTitle "playchess.com"]
[Source "ChessBase"]
[SourceQuality "1"]
[TimeControl "40/5400+30:1800+30"]

1. e4 e5 2. Nc3 Nf6 3. g3 Bc5 4. Bg2 d6 5. h3 Nc6 6. Nge2 a6 {[%emt 0:05:57] C26: Wiener Partie} 7. O-O h5 8. d3 {[%emt 0:10:41] LiveBook: 8 Games} Be6 (8... h4 9. g4 Nh7 10. Nd5 Nf8 11. c3 Ne6 12. b4 Ba7 13. a4 Ne7 14. Kh2 Ng6 {½-½ (43) Finkel,A (2453)-Sutovsky,E (2633) Ramat Gan 2018}) 9. Nd5 Qd7 10. Kh2 O-O-O 11. Nxf6 gxf6 12. f4 $146 ({Vorgänger:} 12. Be3 f5 13. exf5 Bxf5 14. d4 exd4 15. Nxd4 Ne5 {1-0 (26) Szumilas,P (2164)-Marchand,R (2067) Lubawka 2008}) 12... f5 13. exf5 Bxf5 14. c3 Bb6 15. a4 {[%emt 0:04:04] [#]} f6 (15... Bg4 $1 $17 16. a5 (16. hxg4 hxg4+) 16... Nxa5) 16. b4 $1 d5 17. b5 Na5 18. bxa6 bxa6 19. fxe5 fxe5 20. Bg5 Rde8 21. Rb1 e4 22. Nf4 Qc6 23. Bh4 Bd7 (23... Qd7 $16) 24. dxe4 dxe4 {[%emt 0:00:02] [#]} 25. Nd5 $1 Nc4 26. a5 Bxa5 27. Rf6 Nd6 28. Qd4 $18 Rh7 29. Qa7 Be6 30. Rxe6 Rxe6 31. Qb8+ Kd7 32. Qd8# 1-0

[Event "WYCC 2018 O16"]
[Site "Halkidiki"]
[Date "2018.10.23"]
[Round "5"]
[White "Mitsis, Georgios"]
[Black "Kotau, Arseni"]
[Result "1-0"]
[ECO "E91"]
[WhiteElo "2350"]
[BlackElo "2167"]
[Annotator "NA"]
[PlyCount "61"]
[EventDate "2018.10.20"]
[EventType "swiss"]
[EventCountry "GRE"]
[SourceTitle "playchess.com"]
[Source "ChessBase"]
[SourceQuality "1"]
[TimeControl "40/5400+30:1800+30"]

1. d4 Nf6 2. Nf3 g6 3. c4 Bg7 4. Nc3 O-O 5. e4 d6 6. Be2 Bg4 7. Be3 Nfd7 8. d5 c5 9. h4 b5 10. cxb5 Bxf3 11. Bxf3 a6 12. a4 Qa5 13. Bd2 Ne5 14. Be2 $16 c4 15. Qb1 Rc8 16. Ra3 Qb4 17. Na2 Qc5 18. Be3 Qc7 19. b6 Qb7 20. a5 Nbd7 21. O-O Nc5 22. Nb4 e6 23. Rd1 exd5 24. exd5 f5 25. Nc6 Rxc6 26. dxc6 Qxc6 27. Qc2 d5 28. f4 Nf7 29. Bf3 Rd8 30. Rxd5 Rxd5 31. Qxc4 1-0

[Event "WYCC 2018 O16"]
[Site "Halkidiki"]
[Date "2018.10.23"]
[Round "5"]
[White "Koustav Chatterjee"]
[Black "Beukes, Dante M"]
[Result "1/2-1/2"]
[ECO "A05"]
[WhiteElo "2344"]
[BlackElo "2155"]
[Annotator "NA"]
[PlyCount "98"]
[EventDate "2018.10.20"]
[EventType "swiss"]
[EventCountry "GRE"]
[SourceTitle "playchess.com"]
[Source "ChessBase"]
[SourceQuality "1"]
[TimeControl "40/5400+30:1800+30"]

1. Nf3 Nf6 2. b3 g6 3. Bb2 Bg7 4. g3 O-O 5. Bg2 c5 6. c4 Nc6 7. O-O d6 8. d4 Rb8 9. Nc3 {[%emt 0:04:50] E60: King's Indian: Unusual lines and Fianchetto Variation without Nc3} Bf5 10. dxc5 dxc5 11. Qc1 $146 ({Predecessor:} 11. Nh4 Bd7 12. Nd5 Nxd5 13. Bxg7 Ne3 14. fxe3 Kxg7 15. Qd5 Bg4 16. Qg5 f5 {½-½ (43) Horvath,J (2509)-Bailet,P (2469) Chambery 2014}) 11... Qc8 12. Nd5 Bh3 13. Rd1 Bxg2 14. Kxg2 Rd8 15. Bxf6 Bxf6 16. Nxf6+ exf6 17. Rd5 Nb4 18. Rxd8+ Qxd8 19. h4 Qe7 20. Qc3 Rd8 21. h5 Nc6 22. Rh1 Nd4 23. Nxd4 $11 Rxd4 24. Qf3 f5 25. e3 Rd2 26. Rd1 Rxd1 27. Qxd1 Qe4+ 28. Qf3 gxh5 29. Qxe4 fxe4 30. f3 exf3+ 31. Kxf3 Kg7 32. a3 a5 33. Ke4 Kf6 34. Kd5 Kf5 35. Kxc5 Kg4 36. Kb6 Kxg3 37. Kxb7 h4 38. c5 h3 39. c6 h2 40. c7 h1=Q+ 41. Kb8 Qc6 42. c8=Q Qxc8+ 43. Kxc8 h5 44. b4 axb4 45. axb4 h4 46. b5 h3 47. b6 h2 48. b7 h1=Q 49. b8=Q+ Kf2 1/2-1/2

[Event "WYCC 2018 O16"]
[Site "Halkidiki"]
[Date "2018.10.23"]
[Round "5"]
[White "Guerra Rivera, Salvador"]
[Black "Van Malder, Dries"]
[Result "1-0"]
[ECO "A05"]
[WhiteElo "2340"]
[BlackElo "2150"]
[Annotator "NA"]
[PlyCount "83"]
[EventDate "2018.10.20"]
[EventType "swiss"]
[EventCountry "GRE"]
[SourceTitle "playchess.com"]
[Source "ChessBase"]
[SourceQuality "1"]
[TimeControl "40/5400+30:1800+30"]

1. Nf3 Nf6 2. g3 b6 3. Bg2 Bb7 4. O-O e6 5. c4 Be7 6. Nc3 O-O 7. Re1 c5 8. e4 d6 9. d4 cxd4 10. Nxd4 Qc8 11. b3 {[%emt 0:02:43] LiveBook: 90 Games} a6 12. Bb2 Nbd7 13. Qe2 {[%emt 0:08:51] A30: Symmetrical English: Double Fianchetto and Hedgehog} (13. h3 Re8 14. g4 g6 15. Rc1 Bf8 16. Qd2 Qc7 17. f4 e5 18. Nd5 Qd8 19. Nxf6+ Qxf6 20. Ne2 Nc5 {0-1 (29) Piorun,K (2517)-Neiksans,A (2559) Wroclaw 2014}) 13... Re8 14. Rad1 Bf8 15. h3 Qc7 16. Nc2 Ne5 $146 ({Predecessor:} 16... Rad8 17. Kh2 g6 18. Ne3 h5 19. Kg1 Bg7 20. f4 Nc5 {½-½ (37) Lecuyer,C (2230)-Bouhallel,R (2240) France 1997}) 17. Ne3 Rad8 18. Rd2 Nc6 19. Red1 Nd7 20. h4 Nc5 21. h5 h6 22. f4 Ba8 23. Qg4 Qb8 24. Ne2 Qc8 $11 25. Kh2 Qc7 26. Nc1 a5 27. Ne2 Qb8 28. Nc3 f6 29. Nb5 Kh8 30. Qg6 Ne7 31. Qf7 Ng8 32. e5 Bxg2 33. Nxg2 dxe5 34. fxe5 Rxd2 35. Rxd2 f5 36. Nf4 Kh7 37. Nd6 Bxd6 38. exd6 e5 39. Qxf5+ Kh8 40. Ng6+ Kh7 41. Nf8+ Kh8 42. Qh7# 1-0

[Event "WYCC 2018 O16"]
[Site "Halkidiki"]
[Date "2018.10.23"]
[Round "5"]
[White "O'Donnell, Tom"]
[Black "Kozak, Adam"]
[Result "1/2-1/2"]
[ECO "B96"]
[WhiteElo "2332"]
[BlackElo "2445"]
[Annotator "ChessBase"]
[PlyCount "98"]
[EventDate "2018.10.20"]
[EventType "swiss"]
[EventCountry "GRE"]
[SourceTitle "playchess.com"]
[Source "ChessBase"]
[SourceQuality "1"]
[TimeControl "40/5400+30:1800+30"]

1. e4 c5 2. Nf3 d6 3. d4 cxd4 4. Nxd4 Nf6 5. Nc3 a6 6. Bg5 e6 7. f4 h6 8. Bh4 Qb6 9. a3 Be7 10. Bf2 Qc7 11. Qf3 Nbd7 12. h4 h5 13. g3 b5 14. Bh3 Bb7 15. O-O-O Nc5 16. Rhe1 Rc8 17. g4 hxg4 18. Bxg4 Qa5 19. Qh3 b4 20. axb4 Qxb4 21. Bxe6 fxe6 22. Nxe6 Nxe6 23. Qxe6 Qc4 24. Rxd6 Qxe6 25. Rxe6 Rc6 26. Rxc6 Bxc6 27. f5 Ng4 28. Bd4 Bxh4 29. Rg1 Bf6 30. Bxf6 Nxf6 31. Rxg7 Nxe4 32. Nxe4 Bxe4 33. f6 Rh1+ 34. Kd2 Rh2+ 35. Ke3 Bxc2 36. Ra7 Rh3+ 37. Kd4 Bd3 38. Re7+ Kf8 39. Re3 Rxe3 40. Kxe3 Bc4 41. b3 Bb5 42. Kd4 Kf7 43. Kc3 Kxf6 44. Kb2 Ke5 45. Ka1 Kd4 46. Kb1 Kc3 47. Ka1 Kxb3 48. Kb1 Bd3+ 49. Ka1 a5 1/2-1/2

[Event "WYCC 2018 O16"]
[Site "Halkidiki"]
[Date "2018.10.23"]
[Round "5"]
[White "Morgunov, Daniel"]
[Black "Vatsal Singhania"]
[Result "1/2-1/2"]
[ECO "B91"]
[WhiteElo "2328"]
[BlackElo "2128"]
[Annotator "NA"]
[PlyCount "95"]
[EventDate "2018.10.20"]
[EventType "swiss"]
[EventCountry "GRE"]
[SourceTitle "playchess.com"]
[Source "ChessBase"]
[SourceQuality "1"]
[TimeControl "40/5400+30:1800+30"]

1. e4 c5 2. Nf3 d6 3. d4 cxd4 4. Nxd4 Nf6 5. Nc3 a6 6. g3 g6 7. Bg2 Bg7 8. O-O O-O 9. h3 Nc6 10. Be3 Bd7 {[%emt 0:00:22] LiveBook: 53 Games} 11. f4 {[%emt 0:08:28] B91: Sicilian Najdorf: 6 g3} (11. Nde2 Rc8 12. b3 b5 13. Nd5 Be6 14. Qd2 Ne5 15. f4 Ned7 16. Nd4 Nc5 17. Nxe6 Nxe6 18. Rac1 Nc5 19. Nxf6+ Bxf6 {½-½ (98) Grischuk,A (2767)-Nepomniachtchi,I (2751) Moscow 2018}) 11... Rc8 12. Nb3 b5 13. a3 Qc7 (13... Nh5 $11) 14. Qe1 $146 ({Predecessor:} 14. Qd2 Rfd8 15. Qf2 Re8 16. Rad1 Be6 17. Nd4 Nxd4 18. Bxd4 Bc4 19. Rfe1 {½-½ (43) Kuzevanova,E (2131)-Zakurdjaeva,I (2295) St Petersburg 2009}) 14... Be6 15. Nd5 Bxd5 16. exd5 Nb8 17. Nd4 Qb7 18. Rd1 Nxd5 19. Ne2 e6 20. Nc3 Rfe8 21. f5 Qe7 $11 ({Reject} 21... gxf5 22. Nxd5 exd5 23. Qd2 $11) (21... Bxc3 $15 22. bxc3 Nd7) 22. Bxd5 Bxc3 23. bxc3 exd5 24. Bd4 Qxe1 25. Rfxe1 Rxe1+ 26. Rxe1 gxf5 27. Rd1 Nd7 28. Rf1 Ne5 29. Rxf5 Kg7 30. g4 Rc4 31. Kg2 Ra4 32. g5 Rxa3 33. Rf6 Nc6 34. Rxd6+ Nxd4 35. cxd4 Rc3 36. Rxa6 Rxc2+ 37. Kg3 Rc4 38. Ra5 Rxd4 39. Rxb5 Kg6 40. h4 Kh5 41. Rb7 Rg4+ 42. Kf3 Rxh4 43. Rxf7 Kg6 44. Rd7 Rd4 45. Kg3 Rd1 46. Kf2 Rd3 47. Ke2 Rd4 48. Kf3 1/2-1/2

[Event "WYCC 2018 O16"]
[Site "Halkidiki"]
[Date "2018.10.23"]
[Round "5"]
[White "Golikov, Daniil"]
[Black "Alivodic, Dario"]
[Result "1-0"]
[ECO "D31"]
[WhiteElo "2319"]
[BlackElo "2082"]
[Annotator "NA"]
[PlyCount "119"]
[EventDate "2018.10.20"]
[EventType "swiss"]
[EventCountry "GRE"]
[SourceTitle "playchess.com"]
[Source "ChessBase"]
[SourceQuality "1"]
[TimeControl "40/5400+30:1800+30"]

1. d4 e6 2. c4 d5 3. Nc3 c6 4. e3 f5 5. Be2 Nf6 6. f4 Be7 7. Nf3 O-O 8. O-O Bd7 9. Ne5 Be8 {[%emt 0:00:33] A84: Dutch Defence: 2 c4 Miscellaneous} 10. Bd2 Nbd7 11. c5 (11. Be1 Nxe5 12. fxe5 Nd7 13. g4 Bg6 14. Bg3 Bg5 15. Qd2 Qe7 16. cxd5 cxd5 {1-0 (37) Mikhalchishin,A (2490)-Bagirov,V (2480) Tallinn 1988}) 11... Nxe5 12. fxe5 Nd7 13. b4 b5 $146 ({Predecessor:} 13... b6 14. a3 a5 15. Qb3 Rb8 16. Qa2 axb4 17. axb4 {0-1 (52) Pihlajasalo,H (2217)-Kivisto,M (2294) Finland 2003}) 14. a4 a6 15. Qb3 Bf7 16. Ra3 Qc7 17. Rfa1 Rab8 18. axb5 axb5 19. Ra6 Rfc8 20. R1a5 Nf8 21. Qa2 Be8 22. Be1 Rb7 23. h4 h5 24. Bd3 g6 25. Qe2 Rcb8 26. Kh2 Kg7 27. Bg3 Bd7 28. Ra1 Qd8 29. Kh3 Nh7 30. Be1 $16 Nf8 31. Nxb5 Rxb5 32. Bxb5 Rxb5 33. R1a5 Qc8 34. Ra8 Rb8 35. Qa6 Qxa6 36. R5xa6 Rb7 37. R6a7 Rxa7 38. Rxa7 Kf7 39. Ra6 g5 40. b5 g4+ 41. Kh2 cxb5 42. c6 Bxc6 43. Rxc6 Nd7 44. Rc7 Ke8 45. Rb7 Kd8 46. Ba5+ Kc8 47. Rc7+ Kd8 48. Rc6+ Ke8 49. Rxe6 Nf8 50. Rb6 Bxh4 51. Rxb5 Bg5 52. Bd2 Ne6 53. Rxd5 Ke7 54. g3 h4 55. gxh4 Bxh4 56. Bb4+ Ke8 57. Ra5 Bg5 58. d5 Nc7 59. Bd6 Kd7 60. Ra7 1-0